Map: Hardwire LE

Players

SyntaxIru

  • Race: Zerg Zerg
  • League: Diamond

GirlFromAiur - Winner!

  • Race: Zerg Zerg
  • League: Master

VOD

Have the link to the VOD?

Description

Time

  • Played on: Feb. 9, 2022, 2:10 a.m.
  • Length: 13:03
Show
View Real Time Build Order
Export as new Build Order

SyntaxIru Zerg 

Build Orders: Hatch First 

Get SALT Encoding   

  12  0:00  Drone  
  13  0:12  Overlord  
  13  0:19  Drone  
  14  0:30  Drone x2  
  14  0:34  Drone  
  17  0:45  Drone  
  18  0:56  Hatchery  
  17  0:58  Drone  
  18  1:12  Spawning Pool  
  18  1:14  Drone  
  18  1:16  Extractor  
  17  1:20  Drone  
  18  1:28  Drone  
  19  1:42  Drone  
  20  1:51  Drone  
  21  1:59  Hatchery  
  21  2:00  Queen  
  22  2:09  Queen  
  22  2:13  Zergling x2  
  25  2:15  Zergling x2  
  25  2:22  Overlord  
  26  2:28  Metabolic Boost  
  26  2:31  Drone  
  27  2:41  Drone x2  
  27  2:42  Drone x2  
  31  2:45  Drone  
  32  2:55  Overlord  
  32  2:57  Drone  
  33  3:02  Drone  
  35  3:05  Drone  
  35  3:16  Queen  
  35  3:18  Drone x3  
  40  3:22  Zergling x2  
  40  3:23  Roach Warren  
  38  3:28  Evolution Chamber x2  
  38  3:33  Evolution Chamber  
  35  3:37  Zergling x2  
  35  3:38  Spine Crawler  
  35  3:43  Zergling x8  
  38  3:48  Evolution Chamber  
  38  3:52  Zergling x2  
  37  3:56  Zergling x6  
  40  4:03  Roach x2  
  43  4:15  Zergling x12  
  46  4:29  Roach x2  
  44  4:31  Zergling x2  
  44  4:32  Zergling x6  
  43  4:42  Queen  
  43  4:43  Queen  
  47  4:46  Zergling x4  
  48  5:14  Roach x2  
  49  5:25  Queen  
  49  5:26  Queen  
  48  5:28  Overlord  
  48  5:29  Overlord  
  48  5:30  Zergling x2  
  48  5:31  Zergling x10  
  46  5:36  Zergling x2  
  46  5:40  Zergling x4  
  45  5:49  Zergling x2  
  46  5:50  Zergling x2  
  46  5:51  Zergling x2  
  46  5:54  Zergling x6  
  50  5:57  Zergling x2  
  50  6:03  Zergling x6  
  42  6:15  Zergling x8  
  45  6:24  Zergling x2  
  39  6:28  Zergling x2  
  39  6:30  Roach  
  39  6:32  Queen  
  40  6:38  Zergling x8  
  40  6:39  Zergling x2  
  43  6:46  Zergling x4  
  43  6:47  Zergling x2  
  42  6:55  Zergling x4  
  43  7:04  Queen  
  45  7:09  Zergling x4  
  45  7:11  Zerg Missile Weapons Level 1  
  45  7:12  Zerg Ground Armor Level 1  
  45  7:15  Roach  
  48  7:24  Roach x2  
  48  7:28  Zergling x2  
  53  7:33  Hatchery  
  52  7:47  Roach x3  
  58  7:53  Roach  
  60  8:07  Overlord x3  
  60  8:19  Overlord x3  
  60  8:30  Roach x4  
  60  8:35  Zergling x4  
  41  8:49  Roach x2  
  41  8:51  Zergling x8  
  43  8:58  Zergling x4  
  45  9:03  Zergling x4  
  45  9:09  Zergling x4  
  47  9:15  Roach x3  
  53  9:20  Zergling x4  
  55  9:27  Zergling x4  
  56  9:37  Zergling x6  
  59  9:40  Zergling x2  
  54  9:57  Roach x3  
  60  10:02  Drone x3  
  63  10:09  Drone x2  
  63  10:10  Queen  
  63  10:12  Drone  
  68  10:19  Drone  
  69  10:23  Drone x2  
  73  10:31  Lair  
  73  10:33  Drone x2  
  73  10:40  Drone  
  74  10:46  Drone x3  
  77  10:51  Queen  
  77  10:52  Queen  
  77  10:56  Roach x3  
  77  10:57  Extractor  
  86  11:03  Roach  
  88  11:05  Drone  
  88  11:13  Roach  
  88  11:17  Roach  
  90  11:20  Spine Crawler  
  90  11:23  Spine Crawler  
  90  11:25  Roach  
  90  11:27  Zergling x2  
  90  11:28  Zergling x10  
  88  11:36  Roach  
  88  11:38  Zergling x4  
  76  11:52  Roach x2  
  75  11:55  Drone  
  75  11:58  Extractor  
  75  11:59  Roach  
  75  12:00  Extractor  
  73  12:03  Zergling x10  
  70  12:21  Roach x2  
  72  12:23  Zergling x8  
  72  12:24  Zergling x4  
  70  12:34  Roach x2  
  65  12:37  Zergling x2  
  65  12:42  Roach x2  
  62  12:50  Extractor x2  
Show
View Real Time Build Order
Export as new Build Order

GirlFromAiur Zerg - Winner!

Build Orders: Hatch First 

Get SALT Encoding   

  12  0:01  Drone  
  13  0:13  Overlord  
  13  0:16  Drone  
  14  0:31  Drone x2  
  17  0:35  Drone  
  17  0:52  Hatchery  
  16  0:57  Extractor  
  15  1:07  Spawning Pool  
  14  1:11  Drone  
  14  1:14  Drone  
  14  1:17  Drone  
  17  1:23  Drone  
  18  1:33  Overlord  
  18  1:44  Drone  
  19  1:53  Queen  
  21  1:58  Metabolic Boost  
  21  2:04  Queen  
  21  2:05  Zergling x2  
  24  2:09  Zergling x2  
  24  2:12  Zergling x2  
  24  2:15  Drone  
  27  2:20  Zergling x2  
  28  2:26  Overlord  
  28  2:29  Zergling x2  
  29  2:36  Zergling x2  
  30  2:37  Zergling x2  
  31  2:50  Zergling x4  
  33  2:57  Overlord  
  33  2:59  Zergling x2  
  33  3:03  Zergling x2  
  33  3:04  Zergling x2  
  33  3:05  Overlord  
  36  3:11  Zergling x2  
  36  3:14  Overlord  
  36  3:20  Zergling x2  
  36  3:21  Zergling x4  
  36  3:23  Zergling x2  
  40  3:27  Zergling x2  
  40  3:33  Zergling x2  
  41  3:43  Zergling x8  
  44  3:53  Zergling x8  
  45  4:01  Zergling x2  
  44  4:09  Drone x4  
  46  4:15  Zergling x4  
  45  4:18  Zergling x2  
  45  4:23  Zergling x2  
  46  4:27  Zergling x2  
  44  4:34  Zergling x2  
  44  4:37  Zergling x2  
  43  4:40  Zergling x4  
  43  4:41  Zergling x2  
  43  4:43  Zergling x2  
  46  4:48  Zergling x2  
  46  4:59  Zergling x8  
  50  5:06  Zergling x2  
  50  5:07  Zergling x2  
  52  5:11  Zergling x6  
  55  5:16  Overlord  
  55  5:26  Hatchery  
  48  5:28  Zergling x2  
  48  5:29  Zergling x2  
  48  5:32  Zergling x4  
  47  5:36  Zergling x2  
  47  5:40  Zergling x4  
  50  5:43  Zergling x2  
  49  5:52  Zergling x4  
  49  5:53  Zergling x2  
  49  5:56  Zergling x2  
  48  5:57  Zergling x2  
  46  6:05  Drone  
  46  6:06  Drone x3  
  50  6:15  Zergling x4  
  50  6:25  Zergling x8  
  48  6:29  Zergling x4  
  47  6:33  Overlord  
  47  6:37  Zergling x2  
  47  6:38  Zergling x2  
  47  6:39  Zergling x2  
  47  6:40  Zergling x2  
  47  6:46  Queen  
  48  6:47  Zergling x2  
  48  6:50  Zergling x2  
  48  6:54  Drone  
  48  7:00  Zergling x4  
  49  7:04  Roach Warren  
  49  7:05  Zergling x2  
  49  7:09  Zergling x4  
  49  7:12  Zergling x2  
  52  7:19  Zergling x6  
  52  7:22  Zergling x2  
  55  7:23  Drone  
  55  7:27  Drone x2  
  58  7:30  Zergling x2  
  58  7:35  Zergling x6  
  62  7:39  Zergling x4  
  62  7:46  Overlord  
  62  7:49  Zergling x2  
  62  7:50  Zergling x4  
  65  7:51  Drone  
  65  7:57  Drone x3  
  69  8:00  Drone  
  69  8:02  Zergling x4  
  69  8:05  Zergling x2  
  71  8:09  Zergling x4  
  71  8:10  Drone  
  74  8:15  Drone x3  
  74  8:19  Drone x2  
  79  8:22  Overlord  
  79  8:26  Extractor  
  78  8:27  Roach  
  78  8:33  Roach x2  
  74  8:36  Roach x2  
  71  8:45  Roach x3  
  71  8:46  Roach  
  75  8:51  Roach x2  
  76  8:56  Roach x2  
  76  9:02  Roach x2  
  81  9:05  Roach x2  
  81  9:08  Roach  
  87  9:10  Drone x2  
  87  9:14  Extractor  
  88  9:18  Roach x2  
  88  9:21  Extractor  
  91  9:25  Roach x3  
  95  9:31  Zergling x2  
  95  9:32  Zergling x6  
  95  9:33  Zergling x2  
  95  9:37  Zergling x4  
  95  9:41  Zergling x2  
  95  9:42  Zergling x6  
  93  9:48  Queen  
  93  9:50  Roach  
  95  9:58  Lair  
  95  10:02  Drone  
  95  10:03  Drone x2  
  95  10:04  Overlord  
  95  10:05  Overlord  
  96  10:10  Overlord  
  96  10:12  Roach  
  98  10:23  Evolution Chamber  
  98  10:26  Roach x3, Evolution Chamber  
  102  10:30  Roach x2  
  102  10:33  Drone x2  
  102  10:35  Drone  
  109  10:38  Drone x2  
  109  10:41  Drone  
  112  10:44  Drone x2  
  112  10:46  Roach  
  112  10:48  Roach  
  118  10:56  Glial Reconstitution  
  118  10:59  Zergling x8  
  118  11:01  Zerg Missile Weapons Level 1  
  122  11:05  Spine Crawler  
  122  11:09  Spine Crawler  
  122  11:11  Roach x2  
  119  11:13  Zergling x2  
  120  11:18  Roach  
  120  11:29  Roach x2  
  120  11:30  Roach  
  120  11:31  Zergling x2  
  121  11:33  Zergling x6  
  121  11:36  Zergling x6  
  121  11:37  Zergling x2  
  115  11:41  Roach x3  
  115  11:42  Zergling x2  
  115  11:45  Zergling x2  
  115  11:46  Zergling x2  
  107  11:53  Zergling x6  
  109  12:00  Roach x4  
  111  12:04  Roach  
  111  12:05  Roach  
  111  12:08  Roach x2  
  111  12:16  Roach x2  
  111  12:18  Hatchery  
  111  12:21  Roach  
  111  12:22  Roach  
  116  12:23  Roach  
  116  12:30  Roach x3  
  116  12:33  Roach  
  116  12:36  Drone x3  
  119  12:40  Roach  
  119  12:42  Overlord x2  
Tags
 
Add a new tag
Caveats
  • Supply blocks, unpowered buildings, or Contaminate may cause inaccurate times.
  • Supply counts are checked every 10 seconds.